 Dungeon Crawl Stone Soup version 0.30-a0-243-gaa749bd8e4 (webtiles) character file.

Game seed: 12594302232235791322

64848 GreatBamboolord the Slicer (level 15, -1/98 HPs)
             Began as a Kobold Brigand on Oct 12, 2022.
             Was a Follower of Uskayaw.
             Killed from afar by a will-o-the-wisp (7 damage)
             ... with a foxfire
             ... on level 2 of the Swamp.
             The game lasted 00:55:17 (24581 turns).

GreatBamboolord the Slicer (Kobold Brigand)        Turns: 24581, Time: 00:55:18

Health: -1/98      AC: 13    Str: 10    XL:     15   Next: 55%
Magic:  22/22      EV: 42    Int: 13    God:    Uskayaw [*.....]
Gold:   2006       SH:  0    Dex: 25    Spells: 14/14 levels left

rFire   + + .      SeeInvis +    b - +10 sling "Goblin's Funeral" {freeze, rF+ Dex+3}
rCold   . . .      Faith    .    E - orb {*channel}
rNeg    . . .      Spirit   .    C - +3 leather armour {Will+}
rPois   .          Reflect  .    Z - +2 hat {Stlth+}
rElec   .          Harm     .    c - +1 cloak
rCorr   .          Rampage  +    X - +0 pair of gloves
Will    ++...                    x - +0 pair of boots {rampage}
Stlth   ++++......               i - amulet of the acrobat
HPRegen 0.36/turn                t - ring of protection from fire
MPRegen 0.18/turn                D - ring of see invisible

@: lethally poisoned (-1 -> -8), acrobatic, very slow
A: small, no large weapons, nightstalker 3
a: Renounce Religion, Stomp


You were on level 2 of the Swamp.
You worshipped Uskayaw.
Uskayaw was aware of your devotion.
You visited 5 branches of the dungeon, and saw 23 of its levels.

You collected 2792 gold pieces.
You spent 786 gold pieces at shops.

Inventory:

Hand Weapons
 a - the +5 dagger "Kaamonle" {holy, *Rage rPois Str-4 Dex+4}
   (You found it on level 6 of the Dungeon)

   It has been blessed by the Shining One to cause great damage to the undead
   and demons.
   Str:       It affects your strength (-4).
   Dex:       It affects your dexterity (+4).
   rPois:     It protects you from poison.
   *Rage:     It berserks you when you make melee attacks (+20% chance).
 b - the +10 sling "Goblin's Funeral" (weapon) {freeze, rF+ Dex+3}
   (You found it on level 2 of the Dungeon)

   Any ammunition fired from it freezes those it strikes, dealing additional
   cold damage.
   It can also slow down cold-blooded creatures.
   Dex:       It affects your dexterity (+3).
   rF:        It protects you from fire.
 N - a +0 scimitar of flaming
Missiles
 d - 28 poisoned darts
 e - 8 curare-tipped darts
 H - 2 throwing nets
Armour
 c - a +1 cloak (worn)
 h - a +2 helmet
 v - a +1 pair of boots
 x - a +0 pair of boots of rampaging (worn)
 C - a +3 leather armour of willpower (worn)
 E - an orb of energy (worn)
 X - a +0 pair of gloves (worn)
 Z - a +2 hat of stealth (worn)
Jewellery
 i - an amulet of the acrobat (around neck)
 t - a ring of protection from fire (left hand)
 D - a ring of see invisible (right hand)
 S - a ring of resist corrosion
Wands
 o - a wand of polymorph (6)
 p - a wand of acid (4)
 w - a wand of roots (32)
 J - a wand of flame (7)
 W - a wand of mindburst (8)
Scrolls
 g - a scroll of amnesia
 k - 6 scrolls of torment
 l - 5 scrolls of vulnerability
 m - 13 scrolls of teleportation
 q - a scroll of identify
 y - 4 scrolls of enchant weapon
 F - a scroll of poison
 G - 4 scrolls of butterflies
 P - 2 scrolls of summoning
 R - a scroll of brand weapon
 T - a scroll of immolation
Potions
 f - a potion of curing
 j - 7 potions of mutation
 n - 2 potions of brilliance
 s - a potion of heal wounds
 u - 2 potions of berserk rage
 z - a potion of might
 A - 3 potions of lignification
 B - 2 potions of resistance
 I - a potion of ambrosia {unknown}
 K - 2 potions of flight
 M - 2 potions of magic
 U - 2 potions of attraction {unknown}


   Skills:
 * Level 13.0 Fighting
 * Level 14.3 Short Blades
 - Level 14.0 Ranged Weapons
 - Level 2.8 Throwing
 + Level 4.7 Armour
 * Level 13.7 Dodging
 - Level 14.0 Stealth
 * Level 10.4 Invocations


You had 14 spell levels left.
You didn't know any spells.
Your spell library contained the following spells:

 Spells                   Type           Power      Damage    Failure   Level
 Kiss of Death            Conj/Necr      0%         2d5       38%         1
 Sublimation of Blood     Necr           0%         N/A       52%         2
 Wereblood                Tmut           0%         N/A       52%         2
 Confusing Touch          Hex            0%         N/A       77%         3
 Portal Projectile        Hex/Tloc       0%         N/A       77%         3
 Summon Guardian Golem    Hex/Summ       0%         N/A       77%         3
 Tukima's Dance           Hex            0%         N/A       77%         3
 Animate Dead             Necr           0%         N/A       99%         4
 Dispel Undead            Necr           0%         3d6       99%         4
 Summon Ice Beast         Ice/Summ       0%         N/A       99%         4
 Blade Hands              Tmut           0%         N/A       100%        5
 Summon Mana Viper        Hex/Summ       0%         N/A       100%        5
 Haunt                    Necr/Summ      0%         N/A       100%        7
 Monstrous Menagerie      Summ           0%         N/A       100%        7
 Orb of Destruction       Conj           0%         9d5       100%        7
 Spellforged Servitor     Conj/Summ      0%         N/A       100%        7
 Summon Hydra             Summ           0%         N/A       100%        7
 Infestation              Necr           0%         N/A       100%        8


Dungeon Overview and Level Annotations

Branches:
Dungeon (13/15)            Temple (1/1) D:7            Lair (5/5) D:10
  Swamp (2/4) Lair:3       Spider (0/4) Lair:2        Slime (0/5) Lair:4
    Orc (2/2) D:10            Elf (0/3) Orc:2
 Vaults: D:13-14

Altars:
Cheibriados
Elyvilon
Gozag
Hepliaklqana
Makhleb
Nemelex Xobeh
Okawaru
Trog
Uskayaw
Wu Jian
Yredelemnul

Shops:
D:3 *   D:4 :   D:9 *   Orc:2 !(*(

Annotations:
D:3 2 transporters
Lair:5 2 runed translucent doors


Innate Abilities, Weirdness & Mutations

You are small and have problems with some larger weapons.
You are completely attuned to the shadows.


Message History

Unknown command.
You feel better.
You are engulfed in poison gas.
You are poisoned.
You feel very sick.
The swamp dragon bites you but does no damage.
The swamp dragon completely misses you. x2
The will-o-the-wisp gestures.
The will-o-the-wisp conjures some foxfire!
A foxfire comes into view.
You feel better.
You are engulfed in poison gas.
You are poisoned.
You feel very sick. The swamp dragon bites you.
The swamp dragon claws you but does no damage.
The swamp dragon tramples you!
You stumble backwards!
Splash!
You fall into the shallow water.
Moving in this stuff is going to be slow.
You feel very sick.
The swamp dragon breathes poison at you.
The blast of poison misses you.
The will-o-the-wisp gestures.
The will-o-the-wisp conjures some foxfire!
You can no longer pass through a line of other dancers.
A foxfire comes into view.
You are engulfed in poison gas.
You are more poisoned.
* * * LOW HITPOINT WARNING * * *
x2 You feel extremely sick.
You feel better. The swamp dragon closely misses you.
The swamp dragon misses you. The swamp dragon barely misses you.
The swamp dragon breathes poison at you.
The blast of poison misses you.
The will-o-the-wisp gestures.
The will-o-the-wisp conjures some foxfire! 2 foxfires come into view.
You are engulfed in poison gas.
You are poisoned.
* * * LOW HITPOINT WARNING * * *
x2 You feel very sick.
The foxfire hits you! You resist.
You die...

♣..§~....
♣.~~~~~~~
♣.~~~~~~~
♣~~~§~.~♣
♣....~♣♣♣♣
♣~~♣~~....
♣♣(..°☼○.~♣
♣♣♣°°°v°○○~♣♣
♣..§v§Dv@§<♣
♣~♣♣vD~°○○☼☼♣
...
♣.°.○♣♣♣♣♣
..D..~~.♣♣♣
.......~.


You could see an eight-headed hydra, a swamp dragon and a will-o-the-wisp.

Vanquished Creatures
  A tentacled monstrosity (Swamp:1)
  Gastronok (D:12)
  A thorn hunter (Swamp:1)
  A bunyip (Swamp:1)
  Josephine (D:10)
  An ettin (Orc:1)
  7 hydras
  Erica (D:9)
  3 boulder beetles
  A centaur warrior (D:13)
  A two-headed ogre (D:10)
  4 orc high priests
  Urug (Lair:1)
  Lodul (D:10)
  A swamp dragon (Swamp:1)
  A spriggan druid (Swamp:1)
  2 bog bodies (Lair:3)
  2 lindwurms (Lair:5)
  4 orc knights (Orc:2)
  A deep elf pyromancer (D:13)
  3 ugly things
  3 manticores
  4 orc sorcerers
  A will-o-the-wisp (Swamp:1)
  A cyclops (D:12)
  6 elephants (Lair:5)
  6 black mambas
  2 molten gargoyles (Lair:5)
  2 guardian serpents (D:12)
  A torpor snail (Lair:5)
  2 unseen horrors
  6 cane toads
  9 komodo dragons
  A kobold demonologist (D:12)
  A rime drake (Lair:5)
  A polar bear (Lair:5)
  7 trolls
  2 tyrant leeches (Swamp:1)
  6 blink frogs
  3 slime creatures (D:11)
  Grinder (D:5)
  2 hornets
  4 dream sheep (Lair:4)
  Sigmund (D:6)
  3 spriggans (Swamp:1)
  7 wraiths
  A shadow (D:9)
  35 yaks
  7 wyverns
  4 basilisks
  Eustachio (D:6)
  3 steam dragons (Lair:5)
  15 vampire mosquitoes
  Edmund (D:5)
  4 wargs
  5 swamp worms
  4 hell hounds (Lair:5)
  Duvessa (D:6)
  10 water moccasins
  An acid dragon (D:12)
  21 orc warriors
  A hornet zombie (D:6)
  2 ice beasts
  2 sky beasts (D:7)
  2 black bears
  12 ogres
  11 wolves
  7 centaurs
  4 phantoms (D:6)
  4 kobold brigands
  8 bullfrogs
  A gnoll sergeant (D:9)
  A water moccasin zombie (D:6)
  2 wyvern zombies (D:6)
  2 scorpions
  A wyvern skeleton (D:6)
  5 wights (D:9)
  Dowan (D:6)
  4 killer bees (D:9)
  An electric eel (Lair:3)
  3 howler monkeys
  5 lava snakes (Lair:5)
  A bullfrog zombie (D:6)
  19 orc priests
  A bullfrog skeleton (D:6)
  2 jellies
  A hound (D:6)
  5 iguanas
  Terence (D:2)
  24 orc wizards
  2 hell rats (D:8)
  2 killer bee zombies (D:6)
  3 howler monkey zombies (D:6)
  8 gnolls
  6 adders
  8 river rats (D:8)
  3 ufetubi
  3 worms
  3 dart slugs
  58 orcs
  8 ball pythons
  10 endoplasms
  3 giant cockroaches
  10 goblins
  10 hobgoblins
  7 jackals (D:2)
  8 quokkas
  7 bats
  3 frilled lizards
  20 kobolds
  21 rats
570 creatures vanquished.

Vanquished Creatures (others)
  A bloated husk (Swamp:1)
  An orc wizard (Orc:2)
  3 foxfires (Swamp:2)
  5 fungi
  12 plants
  A withered plant (D:6)
23 creatures vanquished.

Grand Total: 593 creatures vanquished

Notes
Turn   | Place    | Note
-------+----------+-------------------------------------------
     0 | D:1      | GreatBamboolord the Kobold Brigand began the quest for the
                  | Orb.
     0 | D:1      | Reached XP level 1. HP: 12/12 MP: 1/1
    88 | D:1      | Reached XP level 2. HP: 17/17 MP: 2/2
   232 | D:1      | Reached XP level 3. HP: 22/22 MP: 3/3
  1056 | D:2      | Reached XP level 4. HP: 24/27 MP: 4/4
  1247 | D:2      | Noticed Terence
  1282 | D:2      | Killed Terence
  1561 | D:2      | Reached XP level 5. HP: 27/31 MP: 5/5
  1745 | D:2      | Identified the +10 sling "Goblin's Funeral" {freeze, rF+
                  | Dex+3}
  2083 | D:3      | Found a transporter.
  2330 | D:3      | Found a transporter.
  2398 | D:3      | Noticed a small abomination
  2544 | D:3      | Found Emecsuewk's Assorted Antiques.
  2549 | D:3      | Bought an encrusted sapphire ring for 130 gold pieces
  2608 | D:3      | Reached skill level 1 in Ranged Weapons
  2610 | D:3      | Found an iron altar of Okawaru.
  2610 | D:3      | Found a bloodstained altar of Trog.
  2640 | D:4      | Reached XP level 6. HP: 37/37 MP: 6/6
  2742 | D:4      | Found a sparkling altar of Nemelex Xobeh.
  2742 | D:4      | Found an opulent altar of Gozag.
  2997 | D:4      | Reached XP level 7. HP: 41/41 MP: 7/7
  3164 | D:4      | Found Xinacwe's Book Shop.
  3347 | D:5      | Entered Level 5 of the Dungeon
  3499 | D:5      | Reached skill level 5 in Short Blades
  3499 | D:5      | Reached skill level 5 in Ranged Weapons
  3851 | D:5      | Reached XP level 8. HP: 35/48 MP: 8/8
  3977 | D:5      | Found a burning altar of Makhleb.
  4133 | D:6      | Noticed Edmund
  4212 | D:6      | Noticed Grinder
  4213 | D:6      | Paralysed by Grinder for 5 turns
  4240 | D:5      | Killed Grinder
  4353 | D:5      | Killed Edmund
  4384 | D:6      | Identified the +5 dagger "Kaamonle" {holy, *Rage rPois
                  | Str-4 Dex+4}
  4422 | D:6      | Reached XP level 9. HP: 52/52 MP: 9/9
  4669 | D:6      | Reached skill level 5 in Fighting
  4827 | D:6      | Noticed Eustachio
  4840 | D:6      | Killed Eustachio
  4877 | D:6      | Reached skill level 5 in Dodging
  4881 | D:6      | Noticed Dowan
  4882 | D:6      | Noticed Duvessa
  4885 | D:6      | Killed Dowan
  4911 | D:6      | Noticed Sigmund
  4922 | D:6      | Killed Duvessa
  5046 | D:6      | Killed Sigmund
  5173 | D:6      | Reached skill level 10 in Ranged Weapons
  5449 | D:6      | Found a hazy altar of Hepliaklqana.
  5826 | D:7      | Found a staircase to the Ecumenical Temple.
  5856 | D:7      | Reached skill level 1 in Armour
  5868 | Temple   | Entered the Ecumenical Temple
  5930 | Temple   | Became a worshipper of Uskayaw the Reveller
  6089 | D:7      | Reached * piety under Uskayaw
  6090 | D:7      | Reached XP level 10. HP: 60/60 MP: 10/10
  6159 | D:7      | Reached ** piety under Uskayaw
  6447 | D:7      | Reached skill level 1 in Invocations
  6658 | D:7      | Reached *** piety under Uskayaw
  7622 | D:8      | Reached **** piety under Uskayaw
  7687 | D:8      | Reached ***** piety under Uskayaw
  8264 | D:9      | Found Oczeoko's Changing Room.
  8285 | D:9      | Bought a potion of mutation for 104 gold pieces
  8545 | D:9      | Noticed Erica
  8560 | D:10     | Entered Level 10 of the Dungeon
  8721 | D:10     | Found a staircase to the Orcish Mines.
  8820 | D:10     | Noticed Lodul
  8826 | D:10     | Killed Lodul
  8827 | D:10     | Reached skill level 10 in Stealth
  8827 | D:10     | Reached XP level 11. HP: 67/67 MP: 11/13
  8830 | D:10     | Reached ****** piety under Uskayaw
  9043 | D:10     | Noticed Josephine
  9092 | D:10     | Killed Josephine
  9093 | D:10     | Reached skill level 10 in Short Blades
  9201 | D:10     | Found a staircase to the Lair.
  9608 | D:10     | Noticed a two-headed ogre
  9617 | D:10     | Killed a two-headed ogre
 10296 | D:9      | Killed Erica
 10297 | D:9      | Reached XP level 12. HP: 73/73 MP: 15/15
 10531 | Lair:1   | Entered Level 1 of the Lair of Beasts
 10693 | Lair:1   | Noticed Urug
 10709 | Lair:1   | HP: 4/111 [Urug/+2 war axe of freezing (4)]
 10710 | Lair:1   | Killed Urug
 10711 | Lair:1   | Reached skill level 5 in Invocations
 12706 | Lair:2   | Found a hole to the Spider Nest.
 13211 | Lair:3   | Found a staircase to the Swamp.
 14012 | Lair:4   | Noticed a six-headed hydra
 14015 | Lair:4   | Killed a six-headed hydra
 14109 | Lair:4   | Reached XP level 13. HP: 80/80 MP: 17/17
 14407 | Lair:4   | Found a staircase to the Slime Pits.
 15169 | Lair:5   | Entered Level 5 of the Lair of Beasts
 15214 | Lair:5   | Noticed a seven-headed hydra
 15232 | Lair:5   | Killed a seven-headed hydra
 15395 | Lair:5   | Noticed a seven-headed hydra
 15406 | Lair:5   | Killed a seven-headed hydra
 15407 | Lair:5   | Reached skill level 10 in Dodging
 15556 | Lair:5   | Noticed a four-headed hydra
 15560 | Lair:5   | Killed a four-headed hydra
 16045 | Lair:5   | Reached skill level 10 in Fighting
 16053 | Lair:5   | Found a large runed translucent door.
 16053 | Lair:5   | Found a large runed translucent door.
 16056 | Lair:5   | Noticed a fire dragon
 16348 | Lair:5   | Reached XP level 14. HP: 88/88 MP: 20/20
 18264 | D:12     | Noticed Gastronok
 18285 | D:12     | Killed Gastronok
 19734 | Orc:1    | Entered Level 1 of the Orcish Mines
 20998 | Orc:2    | Entered Level 2 of the Orcish Mines
 21583 | Orc:2    | Reached XP level 15. HP: 51/96 MP: 22/22
 22430 | Orc:2    | Found a staircase to the Elven Halls.
 22990 | Orc:2    | Reached skill level 10 in Invocations
 23043 | Orc:2    | Found Carystimp's Weapon Shop.
 23043 | Orc:2    | Found Iherphaugg's General Store.
 23059 | Orc:2    | Found Opajan's Antique Weapon Shop.
 23059 | Orc:2    | Found Bupich's Distillery.
 23068 | Orc:2    | Bought a potion of curing for 39 gold pieces
 23068 | Orc:2    | Bought a potion of mutation for 104 gold pieces
 23071 | Orc:2    | Bought an ichor-stained rapier for 189 gold pieces
 23071 | Orc:2    | Identified the +1 rapier "Ibyi" {venom, rF+ Str+4} (You
                  | bought it in a shop on level 2 of the Orcish Mines)
 23072 | Orc:2    | Bought 2 potions of curing for 60 gold pieces
 23072 | Orc:2    | Bought a potion of heal wounds for 50 gold pieces
 23072 | Orc:2    | Bought a potion of curing for 30 gold pieces
 23072 | Orc:2    | Bought a potion of mutation for 80 gold pieces
 23330 | Swamp:1  | Entered Level 1 of the Swamp
 23692 | Swamp:1  | Noticed a tentacled monstrosity
 24128 | Swamp:1  | Killed a tentacled monstrosity
 24228 | Swamp:1  | Noticed a thorn hunter
 24239 | Swamp:1  | Killed a thorn hunter
 24581 | Swamp:2  | Killed from afar by a will-o-the-wisp

Illustrated notes

Levels and vault maps discovered:
D:1:      lemuel_arrival_funnel, layout_basic
D:2:      layout_basic, minmay_misc_feat_ornament, uniq_terence
D:3:      layout_basic, grunt_temple_overflow_bloody_war,
          gammafunk_ghost_abyssal_escape, serial_shops, shop
D:4:      layout_cave_pools, grunt_temple_overflow_opulence,
          nicolae_stop_n_shop_1
D:5:      layout_cave_pools, mainiacjoe_overflow_24_doors, chequers_arboretum
D:6:      lemuel_ice_spiral_2, layout_basic, nicolae_overflow_crystal_walls,
          serial_undead, serial_undead_e, serial_undead_b, serial_undead_d,
          serial_undead_c, serial_undead_e, serial_undead_b, serial_undead_c,
          chequers_serial_rivers_room_a, uniq_duvessa, uniq_sigmund,
          uniq_grinder, uniq_eustachio, uniq_edmund
D:7:      layout_cave_pods, minmay_temple_entry_ruins
D:8:      lemuel_ratsnest, layout_cave_pods, minivault_23
D:9:      layout_roguey, nicolae_transmutations_shop, kennysheep_path_1,
          uniq_erica
D:10:     layout_basic, erik_lair_orcish_takeover,
          minmay_orc_entry_temple_small, minmay_starry_boxes, uniq_lodul,
          uniq_josephine
D:11:     nicolae_cairo_tiling_large_dashed, layout_rooms
D:12:     nrook_guardian_serpent_snake_passage, layout_basic, uniq_gastronok
D:13:     layout_cave_pools
Temple:   nicolae_temple_slightly_damp_pantheon
Lair:1:   layout_small_grid, uniq_urug
Lair:2:   layout_cave_pods, spider_nest_entry_web_field
Lair:3:   layout_chaotic_city, nicolae_swamp_entry_splash_gauntlet
Lair:4:   layout_long_grid, slime_entry_1
Lair:5:   cheibrodos_lair_end_hotspot, layout_regular_city, lemuel_fruit_tree
Swamp:1:  layout_basic_swamp, evilmike_swamp_ruin_house_4
Swamp:2:  layout_basic_swamp, evilmike_swamp_ruin_rubble_1, swamp_pool1
Orc:1:    layout_caves
Orc:2:    grunt_orc_tribal_feast, layout_diamond_mine

Skill      XL: |  1  2  3  4  5  6  7  8  9 10 11 12 13 14 15 |
---------------+----------------------------------------------+-----
Short Blades   | 3 4 5 7 9 10 11 12 13 14 | 14.3
Stealth        | 6 7 8 10 11 13 14 | 14.0
Dodging        | 2 3 4 6 7 8 9 10 12 13 | 13.7
Ranged Weapons | 1 4 6 8 10 11 12 13 14 | 14.0
Fighting       | 3 4 6 7 8 9 10 11 13 | 13.0
Armour         | 1 2 3 4 |  4.7
Invocations    | 3 4 6 8 9 10 | 10.4
Throwing       | |  2.8

Action                   |  1- 3 |  4- 6 |  7- 9 | 10-12 | 13-15 || total
-------------------------+-------+-------+-------+-------+-------++-------
Melee: Dagger            |    53 |   106 |    87 |   584 |   875 ||  1705
       Punch             |       |       |     5 |       |       ||     5
 Fire: Sling             |       |    58 |    88 |       |   156 ||   302
Throw: Dart              |       |     9 |     2 |       |     2 ||    13
       Throwing net      |       |       |       |       |     2 ||     2
Invok: Line Pass         |       |       |       |     1 |     4 ||     5
       Grand Finale      |       |       |       |       |     3 ||     3
       Stomp             |       |       |       |       |     2 ||     2
Evoke: Wand              |       |       |       |       |     3 ||     3
  Use: Scroll            |     4 |     5 |     1 |     6 |    19 ||    35
       Potion            |       |       |     4 |     2 |    12 ||    18
 Stab: Sleeping          |    27 |     6 |    12 |    29 |    37 ||   111
       Distracted        |       |     1 |       |     3 |     3 ||     7
       Paralysed         |       |       |       |    48 |    55 ||   103
       Confused          |       |       |       |       |     2 ||     2
Armor: Robe              |     5 |    27 |    20 |       |       ||    52
       Leather armour    |       |       |     8 |    76 |   108 ||   192
Dodge: Dodged            |    13 |   117 |    93 |   361 |   677 ||  1261

Table legend: (Time is in decaauts)
 A = Elapsed time spent in this place.
 B = Non-inter-level travel time spent in this place.
 C = Inter-level travel time spent in this place.
 D = Time resting spent in this place.
 E = Time spent auto-exploring this place.
 F = Levels seen in this place.
 G = Mean time per level.
                   A        B        C        D        E       F      G
               +--------+--------+--------+--------+--------+-----+--------+
         Total |  24713 |  23381 |   1332 |   4461 |  15320 |  23 | 1074.5 |
       Dungeon |  13717 |  13034 |    683 |   1477 |   9348 |  13 | 1055.2 |
        Temple |    111 |     75 |     36 |      0 |     48 |   1 |  111.0 |
          Lair |   7062 |   6603 |    459 |   1629 |   4265 |   5 | 1412.4 |
         Swamp |   1288 |   1270 |     18 |    550 |    546 |   2 |  644.0 |
  Orcish Mines |   2533 |   2398 |    135 |    803 |   1113 |   2 | 1266.5 |
               +--------+--------+--------+--------+--------+-----+--------+

Top non-repeatable levels by time:
  Lair:5: 2061 daAuts
    D:10: 1666 daAuts
   Orc:2: 1663 daAuts
    D:12: 1579 daAuts
     D:6: 1409 daAuts
  Lair:2: 1393 daAuts
  Lair:1: 1280 daAuts
  Lair:4: 1277 daAuts
 Swamp:1: 1261 daAuts
     D:7: 1145 daAuts
  Lair:3: 1049 daAuts
     D:2: 1041 daAuts
     D:8: 1024 daAuts
     D:5: 1015 daAuts
     D:1: 989 daAuts
